| TOP OF THE 1ST |
|
Delmarva Shorebirds batting - Pitching for Quad Cities River Bandits : LHP Jimmy Edlin
|
|
Pitching: LHP Jimmy Edlin
|
|
|
Batting: RHB Francisco Viera
|
0-0: Called Strike 0-1: Ball 1-1: Foul Ball, location: 2F 1-2: Ground out 6-3 (Groundball, 6, EV 81.9 MPH)
|
|
Batting: RHB Michel Kamphuis
|
0-0: Ball 1-0: Ball 2-0: Ball 3-0: Called Strike 3-1: Base on Balls
|
|
Batting: RHB Alex Jacobo
|
0-0: Ball 1-0: Foul Ball, location: 2F 1-1: Ball Michel Kamphuis steals 2nd, throwing error, E2 Michel Kamphuis to third 2-1: DOUBLE (Flyball, 8RXD, EV 101.2 MPH) Michel Kamphuis scores
|
|
Batting: RHB Dan Staggs
|
0-0: Called Strike 0-1: Ball 1-1: Foul Ball, location: 2F 1-2: Ball 2-2: Ball 3-2: SINGLE (Groundball, 6MD, EV 108.8 MPH) Alex Jacobo to third
|
|
Batting: SHB Ryan Palermo
|
0-0: Called Strike 0-1: Foul Ball, location: 2F 0-2: Foul Ball, location: 2F 0-2: Foul Ball, location: 2F 0-2: Foul Ball, location: 2F 0-2: Ball 1-2: Ball 2-2: Strikes out swinging
|
|
Batting: SHB Justin Toth
|
0-0: Called Strike 0-1: Fly out, F5 (Flyball, 56D, EV 88.1 MPH)
|
| Top of the 1st over - 1 run, 2 hits, 1 error, 2 left on base; Delmarva 1 - Quad Cities 0 |
| BOTTOM OF THE 1ST |
|
Quad Cities River Bandits batting - Pitching for Delmarva Shorebirds : RHP Jose Rico
|
|
Pitching: RHP Jose Rico
|
|
|
Batting: RHB Ben Hoffman
|
0-0: Ground out 3-1 (Groundball, 34S, EV 76.9 MPH)
|
|
Batting: RHB Matt Parker
|
0-0: Fly out, F9 (Line Drive, 9, EV 104.4 MPH)
|
|
Batting: LHB Angelo Vasquez
|
0-0: Ball 1-0: Ball 2-0: Ball 3-0: Base on Balls
|
|
Batting: RHB Steve Moore
|
0-0: Foul Ball, location: 2F 0-1: Ball 1-1: Fly out, F9 (Line Drive, 9D, EV 96.2 MPH)
|
| Bottom of the 1st over - 0 runs, 0 hits, 0 errors, 1 left on base; Delmarva 1 - Quad Cities 0 |
| TOP OF THE 2ND |
|
Delmarva Shorebirds batting - Pitching for Quad Cities River Bandits : LHP Jimmy Edlin
|
|
Batting: RHB Willie Manrique
|
0-0: Ball 1-0: Ball 2-0: Ball 3-0: Called Strike 3-1: Called Strike 3-2: SINGLE (Groundball, 5D, EV 96.2 MPH)
|
|
Batting: LHB Momoru Yasui
|
0-0: Called Strike 0-1: Called Strike 0-2: Foul Ball, location: 2F 0-2: Foul Ball, location: 2F 0-2: Foul Ball, location: 2F 0-2: Fielders Choice at 2nd, 4-6 (Groundball, 4S, EV 88.8 MPH)
|
|
Batting: RHB Adam Swimmer
|
0-0: Swinging Strike 0-1: Foul Ball, location: 2F 0-2: Strikes out swinging
|
|
Batting: RHB Francisco Viera
|
Pickoff Throw to First - Out! 1-3
|
| Top of the 2nd over - 0 runs, 1 hit, 0 errors, 0 left on base; Delmarva 1 - Quad Cities 0 |
| BOTTOM OF THE 2ND |
|
Quad Cities River Bandits batting - Pitching for Delmarva Shorebirds : RHP Jose Rico
|
|
Batting: LHB Kelvin Jones
|
0-0: Called Strike 0-1: Foul Ball, location: 2F 0-2: Foul Ball, location: 2F 0-2: Ball 1-2: Ball 2-2: Strikes out looking
|
|
Batting: RHB Colin Cranford
|
0-0: Foul Ball, location: 2F 0-1: Ball 1-1: Swinging Strike 1-2: Strikes out swinging
|
|
Batting: SHB Chris Keziah
|
0-0: Ball 1-0: Ball 2-0: DOUBLE (Flyball, 8RXD, EV 107.5 MPH)
|
|
Batting: RHB Bobby Dunn
|
0-0: SINGLE (Groundball, 56S, EV 68.1 MPH) (infield hit) Chris Keziah to third
|
|
Batting: RHB Ben Glavich
|
0-0: Called Strike 0-1: Ball 1-1: Ball 2-1: Foul Ball, location: 2F 2-2: Ground out 4-3 (Groundball, 4, EV 87.5 MPH)
|
| Bottom of the 2nd over - 0 runs, 2 hits, 0 errors, 2 left on base; Delmarva 1 - Quad Cities 0 |
| TOP OF THE 3RD |
|
Delmarva Shorebirds batting - Pitching for Quad Cities River Bandits : LHP Jimmy Edlin
|
|
Batting: RHB Francisco Viera
|
0-0: Called Strike 0-1: Ball 1-1: Ball 2-1: Ball 3-1: Base on Balls
|
|
Batting: RHB Michel Kamphuis
|
0-0: Foul Ball, location: 2F 0-1: Grounds into double play, 6-4-3 (Groundball, 6, EV 86.2 MPH)
|
|
Batting: RHB Alex Jacobo
|
0-0: Called Strike 0-1: Ground out 4-3 (Groundball, 4, EV 81.9 MPH)
|
| Top of the 3rd over - 0 runs, 0 hits, 0 errors, 0 left on base; Delmarva 1 - Quad Cities 0 |
| BOTTOM OF THE 3RD |
|
Quad Cities River Bandits batting - Pitching for Delmarva Shorebirds : RHP Jose Rico
|
|
Batting: RHB Ben Hoffman
|
0-0: Ground out U3 (Groundball, 3L, EV 94.4 MPH)
|
|
Batting: RHB Matt Parker
|
0-0: Ball 1-0: Ground out 6-3 (Groundball, P, EV 80.0 MPH)
|
|
Batting: LHB Angelo Vasquez
|
0-0: Ball 1-0: Ball 2-0: Ball 3-0: Called Strike 3-1: Base on Balls
|
|
Batting: RHB Steve Moore
|
0-0: Swinging Strike 0-1: Foul Ball, location: 2F 0-2: Hit by Pitch Angelo Vasquez to second
|
|
Batting: LHB Kelvin Jones
|
0-0: Ball 1-0: Ball 2-0: Foul Ball, location: 2F 2-1: Ball 3-1: Base on Balls Angelo Vasquez to third Steve Moore to second
|
|
Batting: RHB Colin Cranford
|
0-0: Ground out 4-3 (Groundball, 4, EV 90.0 MPH)
|
| Bottom of the 3rd over - 0 runs, 0 hits, 0 errors, 3 left on base; Delmarva 1 - Quad Cities 0 |
| TOP OF THE 4TH |
|
Delmarva Shorebirds batting - Pitching for Quad Cities River Bandits : LHP Jimmy Edlin
|
|
Batting: RHB Dan Staggs
|
0-0: SINGLE (Flyball, 8RS, EV 87.5 MPH)
|
|
Batting: SHB Ryan Palermo
|
0-0: Grounds into double play, 4-6-3 (Groundball, 4, EV 98.1 MPH)
|
|
Batting: SHB Justin Toth
|
0-0: Ball 1-0: Foul Ball, location: 2F 1-1: Ground out 6-3 (Groundball, 6M, EV 88.8 MPH)
|
| Top of the 4th over - 0 runs, 1 hit, 0 errors, 0 left on base; Delmarva 1 - Quad Cities 0 |
| BOTTOM OF THE 4TH |
|
Quad Cities River Bandits batting - Pitching for Delmarva Shorebirds : RHP Jose Rico
|
|
Batting: SHB Chris Keziah
|
0-0: Swinging Strike 0-1: Ball 1-1: Called Strike 1-2: Ball 2-2: Ball 3-2: Base on Balls
|
|
Batting: RHB Bobby Dunn
|
0-0: Called Strike 0-1: Called Strike Chris Keziah steals 2nd base 0-2: Foul Ball, location: 2F 0-2: Ball 1-2: Foul Ball, location: 2F 1-2: Strikes out swinging
|
|
Batting: RHB Ben Glavich
|
0-0: Foul Ball, location: 2F 0-1: Ball 1-1: Foul Ball, location: 2F 1-2: Ball 2-2: Foul Ball, location: 2F 2-2: Strikes out swinging
|
|
Batting: RHB Ben Hoffman
|
0-0: Swinging Strike 0-1: Foul Ball, location: 2F 0-2: Fly out, F8 (Flyball, 8RD, EV 102.5 MPH)
|
| Bottom of the 4th over - 0 runs, 0 hits, 0 errors, 1 left on base; Delmarva 1 - Quad Cities 0 |
| TOP OF THE 5TH |
|
Delmarva Shorebirds batting - Pitching for Quad Cities River Bandits : LHP Jimmy Edlin
|
|
Batting: RHB Willie Manrique
|
0-0: Swinging Strike 0-1: Ground out 6-3 (Groundball, 6, EV 102.5 MPH)
|
|
Batting: LHB Momoru Yasui
|
0-0: Ball 1-0: Foul Ball, location: 2F 1-1: Ball 2-1: Ball 3-1: Base on Balls
|
|
Batting: RHB Adam Swimmer
|
0-0: Ball 1-0: Ball Wild Pitch! Momoru Yasui to second 2-0: Ball 3-0: Called Strike 3-1: Base on Balls
|
|
Batting: RHB Francisco Viera
|
0-0: Called Strike 0-1: Ball 1-1: Foul Ball, location: 2F 1-2: Foul Ball, location: 2F 1-2: Ball 2-2: Ball 3-2: Foul Ball, location: 2F 3-2: Base on Balls Momoru Yasui to third Adam Swimmer to second
|
|
Batting: RHB Michel Kamphuis
|
0-0: Ball 1-0: Ball 2-0: Called Strike 2-1: Ball 3-1: Fly out, F7 (Flyball, 78S, EV 88.8 MPH)
|
|
Pitching: RHP Calisto Morda
|
|
|
Batting: RHB Alex Jacobo
|
0-0: Ball 1-0: Ball Wild Pitch! Momoru Yasui scores Adam Swimmer to third Francisco Viera to second 2-0: Ball 3-0: Base on Balls
|
|
Batting: RHB Dan Staggs
|
0-0: Called Strike 0-1: Fly out, F9 (Line Drive, 9D, EV 87.5 MPH)
|
| Top of the 5th over - 1 run, 0 hits, 0 errors, 3 left on base; Delmarva 2 - Quad Cities 0 |
| BOTTOM OF THE 5TH |
|
Quad Cities River Bandits batting - Pitching for Delmarva Shorebirds : RHP Jose Rico
|
|
Batting: RHB Matt Parker
|
0-0: Called Strike 0-1: Called Strike 0-2: Ground out 6-3 (Groundball, 6, EV 103.8 MPH)
|
|
Batting: LHB Angelo Vasquez
|
0-0: Ball 1-0: Ball 2-0: Ball 3-0: Base on Balls
|
|
Batting: RHB Steve Moore
|
0-0: Ball 1-0: Fly out, F7 (Flyball, 7S, EV 91.2 MPH)
|
|
Batting: LHB Kelvin Jones
|
0-0: SINGLE (Groundball, 4S, EV 98.8 MPH) Angelo Vasquez to second Runner from 2nd tries for 3rd, SAFE, throw by RF made to third
|
|
Batting: RHB Colin Cranford
|
0-0: Ball Kelvin Jones is caught stealing 2nd base 2-4
|
| Bottom of the 5th over - 0 runs, 1 hit, 0 errors, 1 left on base; Delmarva 2 - Quad Cities 0 |
| TOP OF THE 6TH |
|
Delmarva Shorebirds batting - Pitching for Quad Cities River Bandits : RHP Calisto Morda
|
|
Batting: SHB Ryan Palermo
|
0-0: Foul Ball, location: 2F 0-1: Ball 1-1: Fly out, F3 (Line Drive, 3, EV 64.4 MPH)
|
|
Batting: SHB Justin Toth
|
0-0: Ball 1-0: Ball 2-0: Swinging Strike 2-1: Ball 3-1: Base on Balls
|
|
Batting: RHB Willie Manrique
|
0-0: Ball Justin Toth steals 2nd, throwing error, E2 Justin Toth to third 1-0: Called Strike 1-1: Ball 2-1: Foul Ball, location: 2F 2-2: Ball 3-2: DOUBLE (Line Drive, 7LD, EV 103.1 MPH) Justin Toth scores
|
|
Batting: LHB Momoru Yasui
|
0-0: Intentional Walk
|
|
Batting: RHB Adam Swimmer
|
0-0: Ball 1-0: Ball 2-0: Ball 3-0: Called Strike 3-1: Grounds into double play, 6-4-3 (Groundball, 6, EV 91.2 MPH)
|
| Top of the 6th over - 1 run, 1 hit, 1 error, 1 left on base; Delmarva 3 - Quad Cities 0 |
| BOTTOM OF THE 6TH |
|
Quad Cities River Bandits batting - Pitching for Delmarva Shorebirds : RHP Jose Rico
|
|
Batting: RHB Colin Cranford
|
0-0: Swinging Strike 0-1: Ball 1-1: Foul Ball, location: 2F 1-2: Strikes out swinging
|
|
Batting: SHB Chris Keziah
|
0-0: Ball 1-0: Swinging Strike 1-1: Called Strike 1-2: Ball 2-2: Strikes out looking
|
|
Batting: RHB Bobby Dunn
|
0-0: Swinging Strike 0-1: Swinging Strike 0-2: Ball 1-2: Foul Ball, location: 2F 1-2: Strikes out looking
|
| Bottom of the 6th over - 0 runs, 0 hits, 0 errors, 0 left on base; Delmarva 3 - Quad Cities 0 |
| TOP OF THE 7TH |
|
Delmarva Shorebirds batting - Pitching for Quad Cities River Bandits : RHP Calisto Morda
|
|
Pitching: RHP Oscar Andrade
|
|
|
Batting: RHB Francisco Viera
|
0-0: Ball 1-0: Foul Ball, location: 2F 1-1: Ball 2-1: Swinging Strike 2-2: Ball 3-2: Strikes out swinging
|
|
Batting: RHB Michel Kamphuis
|
0-0: Called Strike 0-1: Ball 1-1: Ball 2-1: Foul Ball, location: 2F 2-2: Ball 3-2: Foul Ball, location: 2F 3-2: Fly out, F1 (Line Drive, P, EV 67.5 MPH)
|
|
Batting: RHB Alex Jacobo
|
0-0: Ground out 6-3 (Groundball, 6M, EV 108.8 MPH)
|
| Top of the 7th over - 0 runs, 0 hits, 0 errors, 0 left on base; Delmarva 3 - Quad Cities 0 |
| BOTTOM OF THE 7TH |
|
Quad Cities River Bandits batting - Pitching for Delmarva Shorebirds : RHP Jose Rico
|
|
Pitching: LHP Justin Hinton
|
|
|
Batting: RHB Ben Glavich
|
0-0: Ball 1-0: Ball 2-0: Called Strike 2-1: Ball 3-1: Ground out 1-3 (Groundball, 13S, EV 66.2 MPH)
|
|
Batting: RHB Ben Hoffman
|
0-0: Ball 1-0: Ground out 3-1 (Groundball, 34S, EV 82.5 MPH)
|
|
Batting: RHB Matt Parker
|
0-0: Called Strike 0-1: Ball 1-1: Foul Ball, location: 2F 1-2: Strikes out swinging
|
| Bottom of the 7th over - 0 runs, 0 hits, 0 errors, 0 left on base; Delmarva 3 - Quad Cities 0 |
| TOP OF THE 8TH |
|
Delmarva Shorebirds batting - Pitching for Quad Cities River Bandits : RHP Oscar Andrade
|
|
Batting: RHB Dan Staggs
|
0-0: SINGLE (Groundball, 6D, EV 100.0 MPH)
|
|
Batting: SHB Ryan Palermo
|
0-0: Ball 1-0: Ball 2-0: Called Strike 2-1: Foul Ball, location: 2F 2-2: Strikes out swinging
|
|
Batting: SHB Justin Toth
|
0-0: Ball 1-0: Ball 2-0: Ball 3-0: Base on Balls Dan Staggs to second
|
|
Batting: RHB Willie Manrique
|
0-0: Ball 1-0: SINGLE (Line Drive, 4MD, EV 106.9 MPH) Dan Staggs to third Justin Toth to second Runner from 3rd tries for Home, SAFE, throw by CF to home
|
|
Batting: LHB Momoru Yasui
|
0-0: Ball 1-0: Called Strike 1-1: Ball 2-1: Ball 3-1: Foul Ball, location: 2F 3-2: Strikes out swinging
|
|
Batting: RHB Adam Swimmer
|
0-0: Ball 1-0: Called Strike 1-1: Ball 2-1: Foul Ball, location: 2F 2-2: Ball 3-2: Foul Ball, location: 2F 3-2: Base on Balls Justin Toth to third Willie Manrique to second
|
|
Batting: RHB Francisco Viera
|
0-0: Called Strike 0-1: Foul Ball, location: 2F 0-2: Ball 1-2: Hit by Pitch Justin Toth scores Willie Manrique to third Adam Swimmer to second
|
|
Batting: RHB Michel Kamphuis
|
0-0: Called Strike 0-1: Ball 1-1: Swinging Strike 1-2: Foul Ball, location: 2F 1-2: Ball 2-2: Fly out, F9 (Flyball, 89D, EV 95.6 MPH)
|
| Top of the 8th over - 2 runs, 2 hits, 0 errors, 3 left on base; Delmarva 5 - Quad Cities 0 |
| BOTTOM OF THE 8TH |
|
Quad Cities River Bandits batting - Pitching for Delmarva Shorebirds : LHP Justin Hinton
|
|
Batting: LHB Angelo Vasquez
|
0-0: Swinging Strike 0-1: Ball 1-1: Foul Ball, location: 2F 1-2: Hit by Pitch
|
|
Batting: RHB Steve Moore
|
0-0: Called Strike 0-1: Foul Ball, location: 2F 0-2: Foul Ball, location: 2F 0-2: Ball 1-2: Strikes out swinging
|
|
Pinch Hitting: RHB Joe Cook
|
0-0: Fly out, F5 (Line Drive, 5, EV 70.6 MPH)
|
|
Batting: RHB Colin Cranford
|
0-0: Called Strike 0-1: Swinging Strike 0-2: Ball 1-2: Strikes out looking
|
| Bottom of the 8th over - 0 runs, 0 hits, 0 errors, 1 left on base; Delmarva 5 - Quad Cities 0 |
| TOP OF THE 9TH |
|
Delmarva Shorebirds batting - Pitching for Quad Cities River Bandits : RHP Oscar Andrade
|
|
Pitching: RHP Robin Yelland
|
|
|
Now in RF: Joe Cook
|
|
|
Batting: RHB Alex Jacobo
|
0-0: Ground out U3 (Groundball, 34S, EV 82.5 MPH)
|
|
Batting: RHB Dan Staggs
|
0-0: Ball 1-0: Swinging Strike 1-1: Fly out, F4 (Flyball, 34D, EV 95.0 MPH)
|
|
Batting: SHB Ryan Palermo
|
0-0: Ground out 1-3 (Groundball, 13, EV 66.2 MPH)
|
| Top of the 9th over - 0 runs, 0 hits, 0 errors, 0 left on base; Delmarva 5 - Quad Cities 0 |
| BOTTOM OF THE 9TH |
|
Quad Cities River Bandits batting - Pitching for Delmarva Shorebirds : LHP Justin Hinton
|
|
Batting: SHB Chris Keziah
|
0-0: Ball 1-0: Called Strike 1-1: Foul Ball, location: 2F 1-2: Strikes out swinging
|
|
Batting: RHB Bobby Dunn
|
0-0: Foul Ball, location: 2F 0-1: Swinging Strike 0-2: Ball 1-2: Strikes out swinging
|
|
Batting: RHB Ben Glavich
|
0-0: Ball 1-0: Foul Ball, location: 2F 1-1: Swinging Strike 1-2: Strikes out swinging
|
| Bottom of the 9th over - 0 runs, 0 hits, 0 errors, 0 left on base; Delmarva 5 - Quad Cities 0 |
|